 Dungeon Crawl Stone Soup version 0.18-a0-1562-gac8da35 (webtiles) character file.

2157 Duffy the Chiller (level 9, 0/121 HPs)
             Began as a Naga Ice Elementalist on Mar 13, 2016.
             Was a Believer of Kikubaaqudgha.
             Killed from afar by Joseph (17 damage)
             ... with a wand of acid
             ... on level 7 of the Dungeon.
             The game lasted 00:16:36 (11259 turns).

Duffy the Chiller (Naga Ice Elementalist)          Turns: 11259, Time: 00:16:36

Health: 0/121      AC: 12    Str: 10    XL:     9   Next: 31%
Magic:  3/15       EV:  1    Int: 19    God:    Kikubaaqudgha [**....]
Gold:   165        SH:  0    Dex: 12    Spells: 3 memorised, 8 levels left

rFire  x . .     SeeInvis +     y - +4 quarterstaff (chaos)
rCold  + . .     Gourm    .     (armour currently unavailable)
rNeg   + + +     Faith    +     (shield currently unavailable)
rPois  +         Spirit   .     (helmet currently unavailable)
rElec  .         Dismiss  .     (cloak currently unavailable)
rCorr  .         Reflect  .     (gloves currently unavailable)
SustAt .         Harm     .     (no barding)
MR     +....     NoTele   +     n - amulet of faith
Stlth  +++.......               (no ring)
                                q - ring of ice

@: tree-form, corroded equipment, drained, somewhat resistant to hostile
enchantments, fairly stealthy
A: see invisible, (deformed body), (poison resistance), (slowness 0), slow
metabolism 1, spit poison 2, AC +3
a: Spit Poison, Receive Corpses, Renounce Religion


You were on level 7 of the Dungeon.
You worshipped Kikubaaqudgha.
Kikubaaqudgha was pleased with you.
You were hungry.
You were a tree.
You visited 1 branch of the dungeon, and saw 7 of its levels.

You collected 165 gold pieces.


Innate Abilities, Weirdness & Mutations

You cannot wear boots.
((Your serpentine skin is tough (AC +3).))
You have supernaturally acute eyesight.
((Armour fits poorly on your strangely shaped body.))
((Your system is resistant to poisons.))
((You cover ground very slowly.))
You have a slow metabolism.
You can spit poison.


   Skills:
 + Level 5.0(4.9) Fighting
 - Level 1.5(1.4) Dodging
 - Level 3.0(2.9) Stealth
 - Level 4.0(3.9) Spellcasting
   Level 1.0(0.9) Conjurations
 - Level 3.5(3.4) Charms
 - Level 6.2(6.1) Summonings
 - Level 7.5(7.4) Ice Magic


You had 8 spell levels left.
You knew the following spells:

 Your Spells              Type           Power        Failure   Level  Hunger
a - Freeze                Ice            ####         1%          1    None
l - Summon Ice Beast      Ice/Summ       #####...     12%         4    ####...
w - Ozocubu's Armour      Chrm/Ice       #####...     6%          3    ###....

Inventory:

Hand Weapons
 d - a +0 dagger
 x - a +3 short sword of draining
 y - a +4 quarterstaff of chaos (weapon)
 A - a +0 blowgun
Missiles
 B - 13 poisoned needles
 E - 3 sling bullets of flame
 I - 2 throwing nets (quivered)
Armour
 a - a +0 robe (melded)
 s - a +0 cloak (melded)
Jewellery
 n - an amulet of faith (around neck)
 q - a ring of ice (left branch)
 C - an uncursed amulet of the gourmand {unknown}
Wands
 i - a wand of polymorph (10/24)
 u - a wand of confusion (26/48)
 H - a wand of teleportation (3/9)
Scrolls
 e - a scroll of blinking {unknown}
 f - 3 scrolls of remove curse
 j - 2 scrolls of teleportation {unknown}
 l - a scroll of vulnerability {unknown}
 m - 2 scrolls of enchant weapon
 o - 2 scrolls of amnesia
 t - a scroll of recharging {unknown}
 v - a scroll of magic mapping
 w - a scroll of enchant armour
 D - a scroll of brand weapon
Potions
 p - 3 potions of curing
 r - 2 potions of ambrosia
 z - a potion of cure mutation
Books
 b - a book of Frost
 g - Kikubaaqudgha's Collected Works on Dark Rites

   Spells                             Type                      Level
   a - Pain                           Necromancy                   1
   b - Corpse Rot                     Necromancy                   2
   c - Sublimation of Blood           Necromancy                   2
   d - Vampiric Draining              Necromancy                   3
   e - Control Undead                 Necromancy                   4
Comestibles
 c - 5 bread rations
 h - 3 meat rations
 k - 2 slices of pizza
 J - 6 beef jerkies

Dungeon Overview and Level Annotations

Branches:
Dungeon (7/15)
 Temple: D:4-7

Altars:
Fedhas
Kikubaaqudgha
Makhleb
Qazlal
Sif Muna
Vehumet
Yredelemnul
The Shining One

Annotations:
D:7 Joseph


Message History

The acid burns!
Joseph shoots a sling bullet of flame.
The sling bullet of flame hits you. The sling bullet of flame burns you.
You see here a sling bullet of flame.
Joseph zaps a wand.
The bolt of acid hits you! The acid corrodes you!
The acid burns!
Drink which item? (? for menu, Esc to quit)
You turn into a tree.
Your +0 cloak melds into your body.
Your +0 robe melds into your body.
Your roots penetrate the ground.
Joseph unwields an uncursed hunting sling.
Joseph wields an uncursed quarterstaff.
Joseph barely misses you.
Cast which spell? (? or * to list)
You feel a surge of power! A chill wind blows around you.
Joseph completely misses you.
Cast which spell? (? or * to list)
You feel a surge of power! A chill wind blows around you.
You are feeling hungry.
Your ice beast hits Joseph but does no damage.
Joseph zaps a wand.
The bolt of acid hits you! The acid corrodes you!
The acid burns!
Cast which spell? (? or * to list)
You feel a surge of power! A chill wind blows around you.
Your ice beast hits Joseph but does no damage.
Joseph hits you with an uncursed quarterstaff!
Your ice beast hits Joseph.
Your ice beast freezes Joseph.
You barely miss Joseph.
Joseph is lightly wounded.
Your ice beast closely misses Joseph.
Your ice beast hits Joseph but does no damage.
Joseph barely misses your ice beast.
You closely miss Joseph.
Joseph is lightly wounded.
Your ice beast closely misses Joseph. x2; Joseph zaps a wand.
The bolt of acid hits you!
You die...
Kikubaaqudgha rasps: "You have failed me!
Welcome... death!"

#.############################
#.# ###.#....(....#.# #.#
......#(......)# #.##.
##########.##.#......#)#
####.##.#...$...(......########)#
..................%............>(
####.##..........%#.#..####....)#
...#.##.#.......(.#.#..# #.....#
##.#.#.....#####7Y#.#..# #.....#
..............#.@.#.#..####.....#
.#.#.#.#....)(#.YY#.#...........#
.#.#...#..........#.##.###.######
.............(....#.#....#.#
.#.##..##..(.(.#..#.#..#.#.#
.#.##..######'#..........#.#####
.#.##..# #.#...#'#..........#
######.# #.......)(()(.(#.#


You could see Joseph and 3 friendly ice beasts.

Action                   |  1- 3 |  4- 6 |  7- 9 || total
-------------------------+-------+-------+-------++-------
Melee: Dagger            |    17 |       |       ||    17
       Short sword       |       |    18 |       ||    18
       Quarterstaff      |       |    35 |   163 ||   198
 Cast: Freeze            |    58 |    43 |    36 ||   137
       Summon Ice Beast  |       |     4 |    37 ||    41
 Abil: Spit Poison       |    16 |     1 |       ||    17
  Use: Scroll            |       |     7 |     3 ||    10
       Potion            |       |       |     3 ||     3
 Stab: Sleeping          |       |     2 |     3 ||     5
       Distracted        |       |       |     1 ||     1
       Paralysed         |       |       |     1 ||     1
  Eat: Chunk             |     3 |     6 |    18 ||    27
       Beef jerky        |       |     2 |       ||     2
       Meat ration       |       |       |     1 ||     1

Notes
Turn   | Place    | Note
--------------------------------------------------------------
     0 | D:1      | Duffy the Naga Ice Elementalist began the quest for the Orb.
     0 | D:1      | Reached XP level 1. HP: 15/15 MP: 3/3
    72 | D:1      | Reached XP level 2. HP: 10/22 MP: 5/5
   475 | D:1      | Reached XP level 3. HP: 28/28 MP: 2/7
   535 | D:1      | Learned a level 3 spell: Ozocubu's Armour
   721 | D:1      | Reached skill level 3 in Spellcasting
  1910 | D:2      | Found a blossoming altar of Fedhas.
  1916 | D:2      | Reached XP level 4. HP: 23/36 MP: 5/8
  2333 | D:2      | Learned a level 4 spell: Summon Ice Beast
  2474 | D:3      | Found an ancient bone altar of Kikubaaqudgha.
  2474 | D:3      | Found a deep blue altar of Sif Muna.
  2478 | D:3      | Became a worshipper of Kikubaaqudgha
  2559 | D:3      | Found a stormy altar of Qazlal.
  2652 | D:3      | Reached skill level 4 in Ice Magic
  2951 | D:3      | Noticed Natasha
  2956 | D:3      | Killed Natasha
  2956 | D:3      | Reached skill level 1 in Summonings
  2956 | D:3      | Reached XP level 5. HP: 33/42 MP: 6/10
  3099 | D:3      | Noticed Natasha
  3107 | D:3      | Killed Natasha
  3192 | D:3      | Found a basalt altar of Yredelemnul.
  3315 | D:3      | Noticed Crazy Yiuf
  3322 | D:3      | Killed Crazy Yiuf
  3455 | D:4      | Noticed cireshan's ghost (amateur TrMo)
  3839 | D:4      | Noticed Natasha
  3850 | D:3      | Killed Natasha
  3850 | D:3      | Reached skill level 2 in Summonings
  3985 | D:4      | Reached XP level 6. HP: 28/49 MP: 7/11
  4203 | D:4      | Reached skill level 4 in Spellcasting
  4234 | D:4      | Noticed a phantom
  4279 | D:3      | Noticed a spatial vortex
  4508 | D:4      | Reached skill level 3 in Summonings
  4584 | D:4      | Killed cireshan's ghost
  4710 | D:4      | Noticed a phantom
  4740 | D:4      | Killed a phantom
  4740 | D:4      | Reached skill level 4 in Summonings
  5311 | D:4      | Reached skill level 5 in Ice Magic
  5311 | D:4      | Reached XP level 7. HP: 28/55 MP: 13/13
  6003 | D:5      | Entered Level 5 of the Dungeon
  6575 | D:5      | Reached * piety under Kikubaaqudgha
  6575 | D:5      | Received a gift from Kikubaaqudgha
  6576 | D:5      | Identified Kikubaaqudgha's Collected Works on Dark Rites (Kikubaaqudgha gifted it to you on level 5 of the Dungeon)
  6716 | D:5      | Reached skill level 5 in Summonings
  6822 | D:5      | Reached skill level 6 in Ice Magic
  7293 | D:5      | Reached XP level 8. HP: 41/62 MP: 12/14
  7560 | D:6      | Noticed tasslehoff34's ghost (novice OgHu)
  7577 | D:6      | Killed tasslehoff34's ghost
  7578 | D:6      | Reached skill level 6 in Summonings
  7888 | D:6      | Found a glowing golden altar of the Shining One.
  7989 | D:6      | Reached skill level 7 in Ice Magic
  8127 | D:6      | Reached skill level 1 in Charms
  8690 | D:6      | Reached skill level 2 in Charms
  9015 | D:6      | Reached skill level 1 in Fighting
  9243 | D:6      | Reached skill level 3 in Charms
  9406 | D:7      | Noticed Joseph
 10084 | D:6      | Reached skill level 2 in Fighting
 10084 | D:6      | Reached XP level 9. HP: 52/73 MP: 13/15
 10268 | D:7      | Found a radiant altar of Vehumet.
 10268 | D:7      | Found a burning altar of Makhleb.
 10397 | D:7      | Reached ** piety under Kikubaaqudgha
 10448 | D:7      | Reached skill level 3 in Fighting
 10544 | D:7      | Noticed Menkaure
 10552 | D:7      | Killed Menkaure
 10724 | D:7      | Reached skill level 4 in Fighting
 11168 | D:7      | Reached skill level 5 in Fighting
 11259 | D:7      | Killed from afar by Joseph

Vault maps used:
D:1:      dpeg_arrival_simpleton_c
D:2:      fedhas_altar_1
D:3:      yredelemnul_altar_generic, old_standard_altar,
          gammafunk_temple_overflow_wave, first_bread, uniq_crazy_yiuf_cottage,
          uniq_natasha
D:6:      tso_metal_star, kennysheep_crisscross
D:7:      grunt_temple_overflow_lords_of_destruction, temple_statues,
          grunt_ogre_cave, uniq_menkaure, uniq_prince_ribbit1, uniq_pikel,
          uniq_joseph

Vanquished Creatures
  The ghost of tasslehoff34 the Skirmisher, a novice OgHu of Trog
  The ghost of cireshan the Ruffian, an amateur TrMo Menkaure
  3 orc warriors
  A black bear
  4 ogres
  A phantom
  3 giant frogs
  3 killer bees
  A scorpion
  A howler monkey
  4 crimson imps
  A centaur zombie
  3 giant frog zombies
  3 hounds Crazy Yiuf
  5 orc wizards
  A centaur skeleton
  An orc priest Natasha (thrice)
  6 worker ants
  A hound zombie
  2 howler monkey zombies
  6 adders
  A shadow imp
  3 oozes
  5 worms
  A dart slug
  2 giant geckos
  22 orcs
  5 bats
  9 giant cockroaches
  5 goblins
  12 hobgoblins
  4 jackals
  12 kobolds
  A quokka
  A giant cockroach zombie
  A giant gecko skeleton
  6 giant newts
  A jackal skeleton
  A quokka skeleton
  10 rats
  A fungus
160 creatures vanquished.
